 Dungeon Crawl Stone Soup version 0.18.1-50-g88ac8fd (webtiles) character file.

5480 Yakub the Fighter (level 10, -2/93 HPs)
             Began as a Minotaur Berserker on Oct 4, 2016.
             Was a High Priest of Trog.
             Slain by an unseen horror (6 damage)
             ... on level 11 of the Dungeon.
             The game lasted 02:19:28 (8208 turns).

Yakub the Fighter (Minotaur Berserker)              Turns: 8208, Time: 02:19:29

Health: -2/93      AC: 12    Str: 24    XL:     10   Next: 42%
Magic:  3/3        EV: 13    Int:  4    God:    Trog [*****.]
Gold:   501        SH:  0    Dex: 11    Spells: 0 memorised, 9 levels left

rFire  . . .     SeeInvis .     a - +3 dire flail (antimagic)
rCold  . . .     Gourm    .     i - +4 ring mail
rNeg   . . .     Faith    +     (shield currently unavailable)
rPois  .         Spirit   .     (helmet restricted)
rElec  .         Dismiss  .     y - +0 cloak
rCorr  .         Reflect  .     (no gloves)
SustAt .         Harm     .     g - +0 pair of boots
MR     .....                    p - amulet of faith
Stlth  +.........               (no ring)
                                (no ring)

@: lethally poisoned (-2 -> -3), exhausted, about to teleport, slowed, very
slow, not resistant to hostile enchantments, very unstealthy
A: retaliatory headbutt, horns 2
a: Berserk, Trog's Hand, Brothers in Arms, Burn Spellbooks, Renounce Religion


You were on level 11 of the Dungeon.
You worshipped Trog.
Trog was extremely pleased with you.
You were not hungry.

You visited 2 branches of the dungeon, and saw 11 of its levels.
You also visited: Ossuary.

You collected 765 gold pieces.
You spent 264 gold pieces at shops.

Inventory:

Hand Weapons
 a - a +3 antimagic dire flail (weapon)
 m - a +0 war axe
 t - a +0 war axe
 D - a +4 great mace
Missiles
 v - 3 silver tomahawks
 H - 14 tomahawks (quivered)
Armour
 g - a +0 pair of boots (worn)
 i - a +4 ring mail (worn)
 y - a +0 cloak (worn)
 E - a +0 shield
 S - a +0 scale mail
 U - a +0 scale mail
Jewellery
 n - an uncursed ring of fire
 p - an amulet of faith (around neck)
 I - an uncursed ring of see invisible {unknown}
Wands
 l - a wand of iceblast (7/15)
 u - a wand of teleportation (4/9)
 w - a wand of flame (29/48)
 A - a wand of teleportation (1/9)
 K - a wand of disintegration (8/24)
Scrolls
 f - a scroll of recharging {unknown}
 j - a scroll of immolation {unknown}
 z - 3 scrolls of blinking
 B - 3 scrolls of magic mapping
 C - 4 scrolls of teleportation
 L - 2 scrolls of remove curse
 O - 2 scrolls of amnesia {unknown}
 V - a scroll of fog {unknown}
 W - 2 scrolls of random uselessness {unknown}
Potions
 b - 2 potions of flight {unknown}
 d - 2 potions of might
 e - 10 potions of curing
 h - 3 potions of resistance {unknown}
 s - a potion of lignification {unknown}
 F - 4 potions of haste
 G - a potion of mutation {unknown}
 N - 3 potions of heal wounds
 P - a potion of agility {unknown}
 Q - a potion of invisibility {unknown}
 R - 2 potions of berserk rage {unknown}
Books
 o - a book of the Tempests

   Spells                             Type                      Level
   a - Static Discharge               Conjuration/Air              3
   b - Lightning Bolt                 Conjuration/Air              5
   c - Fireball                       Conjuration/Fire             5
   d - Tornado                        Air                          9
   e - Shatter                        Earth                        9
   Trog disapproves of the use of such an item.
 X - a book of Dreams

   Spells                             Type                      Level
   a - Ensorcelled Hibernation        Hexes/Ice                    2
   b - Silence                        Hexes/Air                    5
   c - Darkness                       Hexes                        6
   d - Shadow Creatures               Summoning                    6
   Trog disapproves of the use of such an item.
 Z - a book of Burglary

   Spells                             Type                      Level
   a - Swiftness                      Charms/Air                   2
   b - Passwall                       Transmutation/Earth          2
   c - Passage of Golubria            Translocation                4
   d - Lee's Rapid Deconstruction     Earth                        5
   e - Darkness                       Hexes                        6
   f - Invisibility                   Hexes                        6
   Trog disapproves of the use of such an item.
Comestibles
 c - 7 bread rations
 k - 3 slices of pizza
 q - 9 fruits
 r - 5 meat rations


   Skills:
 + Level 10.2 Fighting
 - Level 9.6(10.8) Axes
 * Level 8.2(10.5) Maces & Flails
   Level 4.3(6.8) Staves
 - Level 0.4 Throwing
 - Level 5.8 Armour
 - Level 6.0 Dodging
 - Level 3.0 Stealth
 - Level 1.2 Shields


You had 9 spell levels left.
You didn't know any spells.

Dungeon Overview and Level Annotations

Branches:
Dungeon (11/15)            Temple (1/1) D:7
   Lair: D:8-11         Orc: D:9-12

Altars:
Ashenzari
Cheibriados
Dithmenos
Elyvilon
Fedhas
Gozag
Kikubaaqudgha
Makhleb
Nemelex Xobeh
Okawaru
Qazlal
Ru
Sif Muna
Trog
Vehumet
Xom
Yredelemnul
Zin
The Shining One

Shops:
D:6 }


Innate Abilities, Weirdness & Mutations

You reflexively headbutt those who attack you in melee.
You have a pair of horns on your head.


Message History

You feel yourself slow down. Something hits you but does no damage.
Drink which item? (? for menu, Esc to quit)
You feel much better.
You feel sick.
Something hits you but does no damage. x2
Something hits you!
* * * LOW HITPOINT WARNING * * *
You feel sick. Something hits you.
* * * LOW HITPOINT WARNING * * *
The orc priest calls down the wrath of Beogh upon you.
Beogh smites you!
* * * LOW HITPOINT WARNING * * *
Something hits you but does no damage. Something hits you.
* * * LOW HITPOINT WARNING * * *
You offer a prayer to Trog.
Trog is extremely pleased with you.
Read which item? (? for menu, Esc to quit)
As you read the scroll of teleportation, it crumbles to dust.
You feel strangely unstable.
You feel sick. Something hits you but does no damage. Something hits you.
You die...

... ...# .. ##.#.#
..h #..#>##o..
.##.#########.##..G#
.......<.....(.....#
###.#####....#(.o..#
##..####(....###.
#..@####())......
###...o(.........
.......####..)....<.
######## #.))......
#.........
#.........
#.........
#.........
##.......#


You could see an orc priest.

Vanquished Creatures
  Pikel (D:4)
  Joseph (D:10)
  A gargoyle (D:10)
  A polar bear (D:8)
  The ghost of Lems the Skirmisher, an amateur MiFi (D:4)
  3 yaks (D:10)
  A hippogriff (D:10)
  2 wargs (D:11)
  3 ice beasts
  3 orc warriors
  A phantom (D:4)
  An ogre (D:4)
  6 centaurs
  A big kobold (D:10)
  A giant frog (D:7)
  A water moccasin zombie (D:5)
  2 scorpions (D:6)
  A water moccasin skeleton (D:8)
  3 crimson imps
  2 centaur zombies
  A jelly (D:10)
  3 hounds
  7 orc priests
  2 centaur skeletons
  2 giant frog skeletons
  Crazy Yiuf (D:2)
  12 orc wizards
  An iguana (D:8)
  Jessica (D:3)
  5 worker ants
  8 mummies (Ossuary)
  A howler monkey skeleton (D:11)
  8 adders
  3 shadow imps
  A white imp (D:8)
  An ufetubus (D:8)
  2 oozes
  An adder zombie (D:7)
  An adder skeleton (D:6)
  A worm (D:6)
  2 dart slugs
  6 giant geckos
  40 orcs
  5 bats
  6 giant cockroaches
  6 hobgoblins
  12 jackals
  2 quokkas
  5 ball pythons
  A ball python skeleton (D:4)
  9 giant newts
  5 goblins
  4 hobgoblin zombies (Ossuary)
  17 kobolds
  3 kobold zombies (Ossuary)
  An orc zombie (Ossuary)
  4 rats (D:1)
226 creatures vanquished.

Vanquished Creatures (others)
  The ghost of knot the Chucker, an amateur DsAs (D:3)
  An orc priest (D:4)
  3 orc wizards
5 creatures vanquished.

Grand Total: 231 creatures vanquished

Notes
Turn   | Place    | Note
--------------------------------------------------------------
     0 | D:1      | Yakub the Minotaur Berserker began the quest for the Orb.
     0 | D:1      | Reached XP level 1. HP: 19/19 MP: 0/0
   212 | D:1      | Reached XP level 2. HP: 26/27 MP: 1/1
   361 | D:1      | Reached skill level 4 in Fighting
   395 | D:1      | Reached ** piety under Trog
   530 | D:3      | Reached XP level 3. HP: 33/33 MP: 2/2
   547 | D:3      | Reached XP level 4. HP: 23/40 MP: 3/3
   942 | D:2      | Noticed Crazy Yiuf
   955 | D:2      | Killed Crazy Yiuf
   955 | D:2      | Reached skill level 5 in Maces & Flails
  1162 | D:2      | Reached XP level 5. HP: 47/47 MP: 4/4
  1540 | D:2      | Found a deep blue altar of Sif Muna.
  1734 | D:4      | Found a shadowy altar of Dithmenos.
  1806 | D:4      | Noticed an ogre
  1813 | D:4      | Killed an ogre
  1813 | D:4      | Reached skill level 5 in Fighting
  1838 | D:4      | Noticed Lems's ghost (amateur MiFi)
  1841 | D:4      | Reached XP level 6. HP: 40/56 MP: 5/5
  1851 | D:4      | Killed Lems's ghost
  1851 | D:4      | Reached skill level 1 in Staves
  1940 | D:4      | Found a sand-covered staircase.
  1945 | Ossuary  | Entered an ossuary
  2020 | Ossuary  | Reached XP level 7. HP: 37/61 MP: 6/6
  2295 | D:3      | Reached skill level 1 in Stealth
  2435 | D:3      | Noticed knot's ghost (amateur DsAs)
  2442 | D:3      | Banished knot's ghost
  2442 | D:3      | Reached skill level 5 in Armour
  2510 | D:3      | Noticed Jessica
  2520 | D:3      | Killed Jessica
  2520 | D:3      | Reached skill level 5 in Dodging
  2684 | D:3      | Reached *** piety under Trog
  2702 | D:3      | Found a basalt altar of Yredelemnul.
  2728 | D:3      | Found an ancient bone altar of Kikubaaqudgha.
  3047 | D:4      | Reached skill level 6 in Fighting
  3056 | D:5      | Entered Level 5 of the Dungeon
  3386 | D:4      | Noticed Pikel
  3402 | D:4      | Killed Pikel
  3402 | D:4      | Reached XP level 8. HP: 60/71 MP: 7/7
  3687 | D:5      | Found a sacrificial altar of Ru.
  3979 | D:5      | Reached skill level 1 in Axes
  4571 | D:6      | Found a blossoming altar of Fedhas.
  4571 | D:6      | Found a sparkling altar of Nemelex Xobeh.
  4743 | D:6      | Got a twisted scimitar
  4861 | D:6      | Found Diolusiwn's Gadget Shop.
  4869 | D:6      | Bought a wand of teleportation (4/9) for 264 gold pieces
  4981 | D:6      | Reached skill level 5 in Axes
  4989 | D:6      | Reached skill level 1 in Shields
  5120 | D:6      | Reached XP level 9. HP: 50/78 MP: 8/8
  5245 | D:6      | Found an opulent altar of Gozag.
  5347 | D:6      | Reached **** piety under Trog
  5368 | D:6      | Reached skill level 7 in Fighting
  6324 | D:7      | Found a shattered altar of Ashenzari.
  6452 | D:7      | Found a staircase to the Ecumenical Temple.
  6466 | Temple   | Entered the Ecumenical Temple
  7075 | D:8      | Noticed a polar bear
  7087 | D:8      | Killed a polar bear
  7087 | D:8      | Reached skill level 8 in Fighting
  7232 | D:8      | Reached ***** piety under Trog
  7352 | D:8      | You fall through a shaft for 2 floors!
  7352 | D:10     | Entered Level 10 of the Dungeon
  7361 | D:10     | Noticed a gargoyle
  7369 | D:10     | Killed a gargoyle
  7369 | D:10     | Reached skill level 9 in Fighting
  7520 | D:10     | Noticed Joseph
  7536 | D:10     | Killed Joseph
  7536 | D:10     | Reached XP level 10. HP: 91/91 MP: 7/9
  7597 | D:10     | Noticed a griffon
  7799 | D:10     | Received a gift from Trog
  8185 | D:11     | Reached skill level 10 in Fighting
  8207 | D:11     | HP: 4/93 [something (3)]
  8208 | D:11     | Slain by an unseen horror

Skill      XL: |  1  2  3  4  5  6  7  8  9 10 |
---------------+-------------------------------+-----
Fighting       | 4 5 6 9 10 | 10.2
Maces & Flails | 4 5 6 7 8 |  8.2
Armour         | 3 4 5 |  5.8
Dodging        | 3 4 5 6 |  6.0
Staves         | 1 4 |  4.3
Stealth        | 2 3 |  3.0
Axes           | 5 8 9 |  9.6
Shields        | 1 |  1.2
Throwing       | |  0.4

Action                   |  1- 3 |  4- 6 |  7- 9 | 10-12 || total
-------------------------+-------+-------+-------+-------++-------
Melee: Mace              |    60 |    18 |       |       ||    78
       Headbutt          |    10 |    15 |    84 |    16 ||   125
       Quarterstaff      |       |    65 |    72 |       ||   137
       Hand axe          |       |       |    61 |       ||    61
       War axe           |       |       |   139 |    43 ||   182
       Flail             |       |       |    95 |       ||    95
       Dire flail        |       |       |       |    26 ||    26
Throw: Tomahawk          |       |       |     9 |       ||     9
Invok: Berserk           |       |       |     2 |     2 ||     4
       Burn Spellbooks   |       |       |     2 |       ||     2
  Use: Scroll            |       |     8 |    11 |     1 ||    20
       Potion            |       |       |     1 |     1 ||     2
 Stab: Sleeping          |     1 |       |     4 |       ||     5
       Paralysed         |       |       |     6 |       ||     6
  Eat: Bread ration      |     1 |       |       |       ||     1
       Beef jerky        |       |       |     3 |       ||     3
       Pizza             |       |       |     3 |       ||     3
       Chunk             |       |       |     4 |     3 ||     7
       Meat ration       |       |       |     1 |     1 ||     2
Armor: Ring mail         |    20 |    20 |   104 |    54 ||   198
       Skin              |       |     5 |       |       ||     5
Dodge: Dodged            |    34 |    25 |   160 |    40 ||   259
Block: Shield            |       |       |    85 |    26 ||   111
